Ice Dragons vs Mulligans
Created - January 27, 2021 at 19:10
Goals
|
| Ice Dragons |
2 |
3 |
3 |
8 |
| Mulligans |
1 |
1 |
1 |
3 |
|
Shots
|
| Ice Dragons |
12 |
13 |
15 |
40 |
| Mulligans |
14 |
9 |
12 |
35 |
|
1st period
1. Ice Dragons , Phil Di Giuseppe 2 (Emil Pettersson 27) at 17:13
2. Ice Dragons , Sam Carrick 21 (Billy Sweat 22) at 18:19 (PP)
3. Mulligans , Logan Shaw 19 (Anton Lander 38, Ben Hutton 20) at 19:21 (PP)
Penalties :
Christian Wolanin (Rep) for Hooking (Minor) at 10:16, Ilya Lyubushkin (Rep) for Hooking (Minor) at 17:50, Sam Carrick (Kin) for Holding (Minor) at 19:12
2nd period
4. Ice Dragons , Brandon Kozun 22 (Corban Knight 40, Jordan LaVallee 41) at 1:05 (PP)
5. Mulligans , Logan Shaw 20 (Anton Lander 39, Darren Dietz 9) at 18:09
6. Ice Dragons , Justin Shugg 5 (Billy Sweat 23, Sam Carrick 24) at 18:45
7. Ice Dragons , Corban Knight 20 (Brandon Kozun 18) at 18:57
Penalties :
Sven Baertschi (Rep) for Hooking (Minor) at 0:22, Logan Shaw (Rep) for Hooking (Minor) at 4:10, Calvin Pickard (Rep) for Slashing (Double Minor) at 7:30 - Conor Garland served the penalty
3rd period
8. Ice Dragons , Justin Shugg 6 (Billy Sweat 24, Kevin Connauton 34) at 2:51 (PP)
9. Ice Dragons , Sam Carrick 22 (Billy Sweat 25) at 8:25
10. Ice Dragons , Logan MacMillan 12 (Samuel Groulx 16) at 12:34
11. Mulligans , Reid Boucher 6 (Robby Fabbri 12) at 14:04
Penalties :
Chet Pickard (Kin) for Slashing (Minor) at 0:14 - Samuel Groulx served the penalty, Reid Boucher (Rep) for Hooking (Minor) at 2:21, Anton Lander (Rep) for Fighting (Major) at 9:25, Juho Lammikko (Kin) for Fighting (Major) at 9:25, Samuel Groulx (Kin) for Hooking (Minor) at 10:15, Ilya Lyubushkin (Rep) for Interference (Minor) at 15:23, Justin Shugg (Kin) for Holding (Minor) at 16:01, Chris Wagner (Kin) for Hooking (Minor) at 17:46, Sven Baertschi (Rep) for High sticking (Minor) at 18:19
Goalie Stats
Chet Pickard (Kin), 32 saves from 35 shots - (0.914), W, 15-11-2, 60:00 minutes
Calvin Pickard (Rep), 21 saves from 27 shots - (0.778), L, 12-19-1, 42:51 minutes
Juuse Saros (Rep), 11 saves from 13 shots - (0.846), 17:09 minutes
Players Stats for Ice Dragons
Player Name G A P +/- PIM S H SB GA TA FO MP PP MP PK MP
------------------------------------------------------------------------------------
Alex Plante 0 0 0 1 0 0 2 0 0 0 0/0 19:26 3:34 2:12
Billy Sweat 0 4 4 1 0 5 1 0 0 0 0/2 17:54 4:49 0:46
Brandon Kozun 1 1 2 0 0 1 1 1 0 0 1/3 20:50 5:00 0:00
Chris Wagner 0 0 0 2 2 1 2 0 0 0 1/1 10:51 0:55 0:23
Corban Knight 1 1 2 0 0 5 5 2 0 0 16/32 24:52 4:54 2:38
Emil Pettersson 0 1 1 1 0 1 3 0 0 0 4/6 10:14 0:00 1:04
Jerome Gauthier-Leduc 0 0 0 2 0 3 1 2 0 0 0/0 19:14 6:37 1:41
Jordan LaVallee 0 1 1 0 0 4 1 0 1 0 2/4 24:37 4:50 2:23
Juho Lammikko 0 0 0 0 5 2 0 0 0 0 0/0 5:52 0:59 0:00
Justin Shugg 2 0 2 1 2 3 1 0 0 0 0/0 15:57 4:34 0:02
Kevin Connauton 0 1 1 0 0 1 3 3 2 1 0/0 31:08 6:37 2:52
Logan MacMillan 1 0 1 1 0 3 2 3 0 0 0/0 6:39 0:42 0:24
Phil Di Giuseppe 1 0 1 1 0 2 0 1 0 0 0/0 10:28 0:00 1:15
Robin Norell 0 0 0 2 0 0 1 0 0 0 0/0 11:59 0:20 2:41
Sam Carrick 2 1 3 1 2 4 2 0 1 0 14/25 17:53 4:49 0:46
Samuel Groulx 0 1 1 0 2 3 1 3 0 0 0/0 23:02 3:34 0:24
Theodor Blueger 0 0 0 1 0 1 1 0 0 0 2/2 5:36 0:00 0:12
Zach Trotman 0 0 0 1 0 1 0 2 1 0 0/0 15:18 0:20 0:18
Players Stats for Mulligans
Player Name G A P +/- PIM S H SB GA TA FO MP PP MP PK MP
------------------------------------------------------------------------------------
Anton Lander 0 2 2 -2 5 3 1 1 0 0 19/39 24:19 1:46 5:37
Ben Hutton 0 1 1 -1 0 1 1 2 1 1 0/0 30:24 3:03 6:51
Brandon Carlo 0 0 0 -1 0 1 2 3 0 1 0/0 30:24 3:03 6:51
Brett Seney 0 0 0 -1 0 2 0 1 0 0 0/0 7:47 0:00 0:46
Christian Wolanin 0 0 0 -1 2 0 1 1 0 0 0/0 10:34 0:00 0:39
Conor Garland 0 0 0 -1 0 1 1 0 0 0 0/0 7:10 0:04 0:00
Darren Dietz 0 1 1 -1 0 1 1 4 0 1 0/0 19:31 2:01 3:12
Ilya Lyubushkin 0 0 0 -1 4 1 2 1 0 0 0/0 18:44 2:03 3:01
Jonny Brodzinski 0 0 0 -1 0 1 0 0 0 0 2/6 7:35 0:00 0:34
Joonas Donskoi 0 0 0 -1 0 2 1 1 0 0 0/0 12:23 2:01 0:00
Logan Shaw 2 0 2 -2 2 8 2 1 0 0 1/1 26:13 2:57 4:27
Maxime Macenauer 0 0 0 -1 0 0 1 0 0 0 6/15 17:42 2:01 3:11
Reid Boucher 1 0 1 1 2 4 1 0 0 0 0/0 10:11 0:04 3:02
Robbie Russo 0 0 0 -1 0 1 1 0 0 0 0/0 10:41 0:00 0:28
Robby Fabbri 0 1 1 1 0 3 1 1 0 0 4/7 9:12 0:59 0:00
Sam Bennett 0 0 0 -1 0 2 1 0 0 0 0/0 12:23 2:01 0:00
Sven Baertschi 0 0 0 -2 4 3 0 0 0 1 1/5 23:53 2:56 3:11
Valeri Nichushkin 0 0 0 1 0 1 2 0 0 1 2/2 7:28 0:20 0:14
3 Stars
1 - Sam Carrick (Kin)
2 - Billy Sweat (Kin)
3 - Corban Knight (Kin)
Power Play
Ice Dragons - 3 on 8 Attempt(s) - 37.50%
Mulligans - 1 on 5 Attempt(s) - 20.00%
Penalty Kill
Ice Dragons - 4 on 5 Attempt(s) - 80.00%
- Score 0 goal in Penalty Kill
Mulligans - 5 on 8 Attempt(s) - 62.50%
- Score 0 goal in Penalty Kill
Team Stat
Ice Dragons - Hits : 27 - Faceoff Wins : 40 - Blocked Shots : 17 - Penalty Minutes : 15
Mulligans - Hits : 19 - Faceoff Wins : 35 - Blocked Shots : 16 - Penalty Minutes : 23
Official
Referees : Unknown
Linesman : Unknown
Game Notes
Juuse Saros enters game at 2:51 of 3rd period
Anton Lander beats up Juho Lammikko at 9:25 of 3rd period
Finance
Level 1 -- Attendance: 2000 (100.00%) -- Ticket Income $38,000
Level 2 -- Attendance: 1000 (100.00%) -- Ticket Income $9,000
Total Attendance: 3000 (100.00%)
Total Ticket Income: $47,000
Other Income: $2,350
Total Income: $49,350
Ice Dragons
5 vs 5 Forward
Center Left Wing Right Wing Time % Phy DF OF
1 Corban Knight Jordan LaVallee Brandon Kozun 40 1 2 2
2 Sam Carrick Billy Sweat Justin Shugg 30 1 2 2
3 Emil Pettersson Phil Di Giuseppe Chris Wagner 20 1 2 2
4 Theodor Blueger Logan MacMillan Juho Lammikko 10 1 2 2
5 vs 5 Defense
Defense Defense Time % Phy DF OF
1 Kevin Connauton Samuel Groulx 40 1 2 2
2 Zach Trotman Alex Plante 30 1 2 2
3 Robin Norell Jerome Gauthier-Leduc 20 1 2 2
4 Kevin Connauton Zach Trotman 10 1 2 2
PowerPlay Forward
Center Left Wing Right Wing Time % Phy DF OF
1 Corban Knight Jordan LaVallee Brandon Kozun 60 1 2 2
2 Sam Carrick Billy Sweat Justin Shugg 40 1 2 2
PowerPlay Defense
Defense Defense Time % Phy DF OF
1 Kevin Connauton Jerome Gauthier-Leduc 60 1 2 2
2 Samuel Groulx Alex Plante 40 1 2 2
Penalty Kill 4 Players Forward
Center Wing Time % Phy DF OF
1 Corban Knight Jordan LaVallee 60 1 4 0
2 Billy Sweat Sam Carrick 40 1 4 0
Penalty Kill 4 Players Defense
Defense Defense Time % Phy DF OF
1 Kevin Connauton Robin Norell 60 1 4 0
2 Samuel Groulx Alex Plante 40 1 4 0
Penalty Kill - 3 Players Forward
Forward Time % Phy DF OF
1 Corban Knight 60 1 4 0
2 Jordan LaVallee 40 1 4 0
Penalty Kill - 3 Players Defense
Defense Defense Time % Phy DF OF
1 Kevin Connauton Robin Norell 60 1 4 0
2 Samuel Groulx Alex Plante 40 1 4 0
4 vs 4 Forward
Center Wing Time % Phy DF OF
1 Corban Knight Jordan LaVallee 60 1 2 2
2 Billy Sweat Sam Carrick 40 1 2 2
4 vs 4 Defense
Defense Defense Time % Phy DF OF
1 Kevin Connauton Jerome Gauthier-Leduc 60 1 2 2
2 Samuel Groulx Alex Plante 40 1 2 2
Last Minutes Offensive
Center Left Wing Right Wing Defense Defense
Corban Knight Jordan LaVallee Brandon Kozun Kevin Connauton Jerome Gauthier-Leduc
Last Minutes Defensive
Center Left Wing Right Wing Defense Defense
Corban Knight Jordan LaVallee Brandon Kozun Kevin Connauton Robin Norell
Goaltenders
Starting : Chet Pickard
Backup : Joacim Eriksson
Extra Forwards
Normal : Chris Wagner, Logan MacMillan, Emil Pettersson - PP : Juho Lammikko, Logan MacMillan - PK : Emil Pettersson
Extra Defensemen
Normal : Zach Trotman, Jerome Gauthier-Leduc, Samuel Groulx - PP : Zach Trotman - PK : Jerome Gauthier-Leduc, Samuel Groulx
Penalty Shots
Corban Knight, Jordan LaVallee, Billy Sweat, Sam Carrick, Kevin Connauton
Scratches
Thomas Gobeil (Healthy), David Shields (Broken Bone (Left Ankle) Injury), Alex Henriksson (Healthy), Cole Ully (Healthy), William Carrier (Broken Left Index Finger Injury)
Mario Lucia (Healthy), Luca Sbisa (Healthy), Oscar Dansk (Healthy)
Mulligans
5 vs 5 Forward
Center Left Wing Right Wing Time % Phy DF OF
1 Anton Lander Sven Baertschi Logan Shaw 40 1 2 2
2 Maxime Macenauer Sam Bennett Joonas Donskoi 30 1 2 2
3 Robby Fabbri Reid Boucher Valeri Nichushkin 20 1 2 2
4 Jonny Brodzinski Brett Seney Conor Garland 10 1 2 2
5 vs 5 Defense
Defense Defense Time % Phy DF OF
1 Ben Hutton Brandon Carlo 40 1 2 2
2 Darren Dietz Ilya Lyubushkin 30 1 2 2
3 Robbie Russo Christian Wolanin 20 1 2 2
4 Ben Hutton Brandon Carlo 10 1 2 2
PowerPlay Forward
Center Left Wing Right Wing Time % Phy DF OF
1 Anton Lander Sven Baertschi Logan Shaw 60 1 2 2
2 Maxime Macenauer Sam Bennett Joonas Donskoi 40 1 2 2
PowerPlay Defense
Defense Defense Time % Phy DF OF
1 Ben Hutton Brandon Carlo 60 1 2 2
2 Darren Dietz Ilya Lyubushkin 40 1 2 2
Penalty Kill 4 Players Forward
Center Wing Time % Phy DF OF
1 Anton Lander Logan Shaw 60 1 2 2
2 Maxime Macenauer Sven Baertschi 40 1 2 2
Penalty Kill 4 Players Defense
Defense Defense Time % Phy DF OF
1 Ben Hutton Brandon Carlo 60 1 2 2
2 Darren Dietz Ilya Lyubushkin 40 1 2 2
Penalty Kill - 3 Players Forward
Forward Time % Phy DF OF
1 Anton Lander 60 1 2 2
2 Logan Shaw 40 1 2 2
Penalty Kill - 3 Players Defense
Defense Defense Time % Phy DF OF
1 Ben Hutton Brandon Carlo 60 1 2 2
2 Darren Dietz Ilya Lyubushkin 40 1 2 2
4 vs 4 Forward
Center Wing Time % Phy DF OF
1 Anton Lander Logan Shaw 60 1 2 2
2 Maxime Macenauer Sven Baertschi 40 1 2 2
4 vs 4 Defense
Defense Defense Time % Phy DF OF
1 Ben Hutton Brandon Carlo 60 1 2 2
2 Darren Dietz Ilya Lyubushkin 40 1 2 2
Last Minutes Offensive
Center Left Wing Right Wing Defense Defense
Anton Lander Sven Baertschi Logan Shaw Ben Hutton Brandon Carlo
Last Minutes Defensive
Center Left Wing Right Wing Defense Defense
Anton Lander Sven Baertschi Logan Shaw Ben Hutton Brandon Carlo
Goaltenders
Starting : Calvin Pickard
Backup : Juuse Saros
Extra Forwards
Normal : Robby Fabbri, Valeri Nichushkin, Reid Boucher - PP : Robby Fabbri, Valeri Nichushkin - PK : Reid Boucher
Extra Defensemen
Normal : Robbie Russo, Christian Wolanin, Darren Dietz - PP : Robbie Russo - PK : Christian Wolanin, Darren Dietz
Penalty Shots
Anton Lander, Logan Shaw, Maxime Macenauer, Sven Baertschi, Joonas Donskoi
Scratches
Dalton Thrower (Back Injury), Cristiano Digiacinto (Healthy)
% Time on Ice - Ice Dragons
Lines # - Real PCT - Wanted PCT - Time Play
Normal Forward
1 - 38% - 40% - 15:46
2 - 27% - 30% - 11:21
3 - 22% - 20% - 9:10
4 - 13% - 10% - 5:21
Normal Defense
1 - 44% - 40% - 18:16
2 - 31% - 30% - 12:59
3 - 20% - 20% - 8:22
4 - 5% - 10% - 2:01
PP Forward
1 - 54% - 60% - 5:42
2 - 46% - 40% - 4:49
PP Defense
1 - 66% - 60% - 6:57
2 - 34% - 40% - 3:34
PK Forward
1 - 84% - 60% - 4:04
2 - 16% - 40% - 0:46
PK Defense
1 - 48% - 60% - 2:20
2 - 52% - 40% - 2:30
PK3 Forward
1 - 100% - 60% - 0:14
2 - 0% - 40% - 0:00
PK3 Defense
1 - 100% - 60% - 0:14
2 - 0% - 40% - 0:00
44 Forward
1 - 65% - 60% - 1:49
2 - 35% - 40% - 0:58
44 Defense
1 - 71% - 60% - 1:58
2 - 29% - 40% - 0:49
Last Minute Offensive - 0:00
Last Minute Defensive - 0:00
Total
Forward - 60:00
Defense - 60:00
|
% Time on Ice - Mulligans
Lines # - Real PCT - Wanted PCT - Time Play
Normal Forward
1 - 41% - 40% - 17:03
2 - 26% - 30% - 11:00
3 - 16% - 20% - 6:34
4 - 17% - 10% - 7:01
Normal Defense
1 - 43% - 40% - 18:04
2 - 31% - 30% - 12:56
3 - 23% - 20% - 9:37
4 - 2% - 10% - 1:01
PP Forward
1 - 60% - 60% - 3:03
2 - 40% - 40% - 2:01
PP Defense
1 - 60% - 60% - 3:03
2 - 40% - 40% - 2:01
PK Forward
1 - 76% - 60% - 7:57
2 - 24% - 40% - 2:34
PK Defense
1 - 70% - 60% - 7:19
2 - 30% - 40% - 3:12
PK3 Forward
1 - 0% - 60%
2 - 0% - 40%
PK3 Defense
1 - 0% - 60%
2 - 0% - 40%
44 Forward
1 - 72% - 60% - 2:00
2 - 28% - 40% - 0:47
44 Defense
1 - 51% - 60% - 1:25
2 - 49% - 40% - 1:22
Last Minute Offensive - 0:00
Last Minute Defensive - 0:00
Total
Forward - 60:00
Defense - 60:00
|
Play-by-Play
1st period
0:01 of 1st period - Anton Lander wins face-off versus Brandon Kozun in neutral zone.
0:06 of 1st period - Wrist shot by Logan Shaw.
0:06 of 1st period - Stopped by Chet Pickard without a rebound.
0:07 of 1st period - Anton Lander wins face-off versus Brandon Kozun in Ice Dragons zone.
0:36 of 1st period - Slapshot by Joonas Donskoi.
0:36 of 1st period - Deflect By Maxime Macenauer.
0:36 of 1st period - Shot Misses the Net.
0:36 of 1st period - Puck is out of play.
0:37 of 1st period - Emil Pettersson wins face-off versus Maxime Macenauer in Ice Dragons zone.
0:42 of 1st period - Slapshot by Zach Trotman.
0:42 of 1st period - Shot Misses the Net.
1:03 of 1st period - Billy Sweat is hit by Valeri Nichushkin and loses puck.
1:08 of 1st period - Snap shot by Reid Boucher.
1:08 of 1st period - Stopped by Chet Pickard with a rebound.
1:10 of 1st period - Slapshot by Reid Boucher.
1:10 of 1st period - Shot Misses the Net.
1:12 of 1st period - Slapshot by Robby Fabbri.
1:12 of 1st period - Stopped by Chet Pickard with a rebound.
1:14 of 1st period - Wrist shot by Robby Fabbri.
1:14 of 1st period - Stopped by Chet Pickard without a rebound.
1:15 of 1st period - Theodor Blueger wins face-off versus Jonny Brodzinski in Ice Dragons zone.
1:47 of 1st period - Brandon Carlo is hit by Corban Knight and loses puck.
2:10 of 1st period - Emil Pettersson is hit by Robby Fabbri.
2:49 of 1st period - Snap shot by Justin Shugg.
2:49 of 1st period - Stopped by Calvin Pickard without a rebound.
2:50 of 1st period - Brandon Kozun wins face-off versus Anton Lander in Mulligans zone.
3:24 of 1st period - Wrist shot by Billy Sweat.
3:24 of 1st period - Stopped by Calvin Pickard without a rebound.
3:25 of 1st period - Robby Fabbri wins face-off versus Emil Pettersson in Mulligans zone.
3:25 of 1st period - Robby Fabbri is hit by Alex Plante.
3:58 of 1st period - Snap shot by Reid Boucher.
3:58 of 1st period - Shot Misses the Net.
4:00 of 1st period - Wrist shot by Robby Fabbri.
4:00 of 1st period - Stopped by Chet Pickard without a rebound.
4:01 of 1st period - Corban Knight wins face-off versus Anton Lander in Ice Dragons zone.
4:01 of 1st period - Corban Knight is hit by Logan Shaw.
4:11 of 1st period - Anton Lander is hit by Corban Knight and loses puck.
4:18 of 1st period - Anton Lander is hit by Corban Knight.
4:54 of 1st period - Wrist shot by Joonas Donskoi.
4:54 of 1st period - Shot Blocked by Logan MacMillan.
4:58 of 1st period - Snap shot by Maxime Macenauer.
4:58 of 1st period - Shot Blocked by Logan MacMillan.
5:00 of 1st period - Slapshot by Maxime Macenauer.
5:00 of 1st period - Shot Misses the Net.
5:02 of 1st period - Slapshot by Brandon Carlo.
5:02 of 1st period - Shot Blocked by Logan MacMillan.
5:28 of 1st period - Slapshot by Emil Pettersson.
5:28 of 1st period - Stopped by Calvin Pickard with a rebound.
5:40 of 1st period - Slapshot by Sven Baertschi.
5:40 of 1st period - Shot Blocked by Jerome Gauthier-Leduc.
5:42 of 1st period - Slapshot by Brandon Carlo.
5:42 of 1st period - Shot Misses the Net.
5:46 of 1st period - Wrist shot by Brett Seney.
5:46 of 1st period - Shot Misses the Net.
5:48 of 1st period - Slapshot by Brandon Carlo.
5:48 of 1st period - Shot Misses the Net.
6:25 of 1st period - Off-side.
6:26 of 1st period - Emil Pettersson wins face-off versus Anton Lander in neutral zone.
6:29 of 1st period - Logan Shaw is hit by Kevin Connauton and loses puck.
6:46 of 1st period - Slapshot by Logan Shaw.
6:46 of 1st period - Shot Blocked by Samuel Groulx.
6:48 of 1st period - Snap shot by Robbie Russo.
6:48 of 1st period - Stopped by Chet Pickard with a rebound.
6:50 of 1st period - Slapshot by Logan Shaw.
6:50 of 1st period - Stopped by Chet Pickard with a rebound.
6:54 of 1st period - Snap shot by Anton Lander.
6:54 of 1st period - Stopped by Chet Pickard with a rebound.
6:56 of 1st period - Snap shot by Logan Shaw.
6:56 of 1st period - Shot Misses the Net.
6:58 of 1st period - Snap shot by Logan Shaw.
6:58 of 1st period - Stopped by Chet Pickard with a rebound.
7:02 of 1st period - Snap shot by Anton Lander.
7:02 of 1st period - Deflect By Sven Baertschi.
7:02 of 1st period - Shot Misses the Net.
7:02 of 1st period - Puck is out of play.
7:03 of 1st period - Maxime Macenauer wins face-off versus Corban Knight in Ice Dragons zone.
7:10 of 1st period - Snap shot by Sam Bennett.
7:10 of 1st period - Shot Blocked by Zach Trotman.
7:59 of 1st period - Wrist shot by Kevin Connauton.
7:59 of 1st period - Shot Misses the Net.
8:01 of 1st period - Slapshot by Samuel Groulx.
8:01 of 1st period - Deflect By Darren Dietz.
8:01 of 1st period - Stopped by Calvin Pickard with a rebound.
8:03 of 1st period - Slapshot by Samuel Groulx.
8:03 of 1st period - Shot Misses the Net.
8:35 of 1st period - Slapshot by Joonas Donskoi.
8:35 of 1st period - Stopped by Chet Pickard without a rebound.
8:36 of 1st period - Corban Knight wins face-off versus Maxime Macenauer in Ice Dragons zone.
8:36 of 1st period - Corban Knight is hit by Brandon Carlo.
9:00 of 1st period - Brandon Carlo is hit by Kevin Connauton and loses puck.
9:09 of 1st period - Snap shot by Jordan LaVallee.
9:09 of 1st period - Shot Misses the Net.
9:41 of 1st period - Snap shot by Jordan LaVallee.
9:41 of 1st period - Shot Blocked by Ben Hutton.
9:43 of 1st period - Slapshot by Zach Trotman.
9:43 of 1st period - Stopped by Calvin Pickard with a rebound.
9:45 of 1st period - Wrist shot by Jordan LaVallee.
9:45 of 1st period - Shot Misses the Net.
9:47 of 1st period - Snap shot by Corban Knight.
9:47 of 1st period - Shot Misses the Net.
9:49 of 1st period - Slapshot by Jordan LaVallee.
9:49 of 1st period - Deflect By Corban Knight.
9:49 of 1st period - Stopped by Calvin Pickard without a rebound.
9:50 of 1st period - Sam Carrick wins face-off versus Anton Lander in Mulligans zone.
10:16 of 1st period - Minor Penalty to Christian Wolanin for Hooking.
10:17 of 1st period - Sam Carrick wins face-off versus Anton Lander in Mulligans zone.
11:43 of 1st period - Brandon Carlo is hit by Logan MacMillan and loses puck.
12:16 of 1st period - Penalty to Christian Wolanin is over, Christian Wolanin is back on ice.
12:40 of 1st period - Christian Wolanin is hit by Samuel Groulx.
12:46 of 1st period - Jonny Brodzinski is hit by Logan MacMillan and loses puck.
12:57 of 1st period - Zach Trotman is hit by Robbie Russo and loses puck.
13:18 of 1st period - Samuel Groulx is hit by Logan Shaw and loses puck.
13:29 of 1st period - Samuel Groulx is hit by Christian Wolanin and loses puck.
13:42 of 1st period - Billy Sweat is hit by Ilya Lyubushkin.
13:46 of 1st period - Maxime Macenauer is hit by Sam Carrick and loses puck.
13:57 of 1st period - Chris Wagner is hit by Ilya Lyubushkin and loses puck.
14:19 of 1st period - Zach Trotman is hit by Reid Boucher and loses puck.
14:46 of 1st period - Zach Trotman is hit by Sam Bennett and loses puck.
15:23 of 1st period - Ilya Lyubushkin is hit by Theodor Blueger and loses puck.
15:34 of 1st period - Darren Dietz is hit by Alex Plante.
15:50 of 1st period - Slapshot by Christian Wolanin.
15:50 of 1st period - Shot Blocked by Phil Di Giuseppe.
16:16 of 1st period - Justin Shugg is hit by Conor Garland and loses puck.
16:40 of 1st period - Kevin Connauton is hit by Anton Lander and loses puck.
17:03 of 1st period - Snap shot by Jordan LaVallee.
17:03 of 1st period - Stopped by Calvin Pickard without a rebound.
17:04 of 1st period - Emil Pettersson wins face-off versus Anton Lander in Mulligans zone.
17:13 of 1st period - Wrist shot by Phil Di Giuseppe.
17:13 of 1st period - Goal by Phil Di Giuseppe - Ice Dragons : 1 - Mulligans : 0.
17:14 of 1st period - Corban Knight wins face-off versus Anton Lander in neutral zone.
17:19 of 1st period - Snap shot by Corban Knight.
17:19 of 1st period - Stopped by Calvin Pickard without a rebound.
17:20 of 1st period - Corban Knight wins face-off versus Anton Lander in Mulligans zone.
17:50 of 1st period - Minor Penalty to Ilya Lyubushkin for Hooking.
17:51 of 1st period - Anton Lander wins face-off versus Corban Knight in Mulligans zone.
18:17 of 1st period - Wrist shot by Billy Sweat.
18:17 of 1st period - Stopped by Calvin Pickard with a rebound.
18:19 of 1st period - Wrist shot by Sam Carrick.
18:19 of 1st period - Goal by Sam Carrick - Ice Dragons : 2 - Mulligans : 0.
18:20 of 1st period - Jordan LaVallee wins face-off versus Anton Lander in neutral zone.
18:27 of 1st period - Off-side.
18:28 of 1st period - Corban Knight wins face-off versus Sven Baertschi in neutral zone.
18:57 of 1st period - Backhand shot by Sven Baertschi.
18:57 of 1st period - Shot Misses the Net.
19:01 of 1st period - Wrist shot by Anton Lander.
19:01 of 1st period - Stopped by Chet Pickard without a rebound.
19:02 of 1st period - Maxime Macenauer wins face-off versus Sam Carrick in Ice Dragons zone.
19:07 of 1st period - Snap shot by Joonas Donskoi.
19:07 of 1st period - Deflect By Sam Bennett.
19:07 of 1st period - Stopped by Chet Pickard with a rebound.
19:12 of 1st period - Minor Penalty to Sam Carrick for Holding.
19:13 of 1st period - Anton Lander wins face-off versus Jordan LaVallee in Ice Dragons zone.
19:13 of 1st period - Slapshot by Logan Shaw.
19:13 of 1st period - Stopped by Chet Pickard with a rebound.
19:21 of 1st period - Wrist shot by Logan Shaw.
19:21 of 1st period - Goal by Logan Shaw - Ice Dragons : 2 - Mulligans : 1.
19:22 of 1st period - Anton Lander wins face-off versus Corban Knight in neutral zone.
19:33 of 1st period - Wrist shot by Jordan LaVallee.
19:33 of 1st period - Stopped by Calvin Pickard without a rebound.
19:34 of 1st period - Anton Lander wins face-off versus Sam Carrick in Mulligans zone.
19:59 of 1st period - Logan Shaw is hit by Emil Pettersson and loses puck.
Goals for this period are 2 for Ice Dragons vs 1 for Mulligans.
Shots for this period are 12 for Ice Dragons vs 14 for Mulligans.
2nd period
0:01 of 2nd period - Anton Lander wins face-off versus Corban Knight in neutral zone.
0:08 of 2nd period - Snap shot by Logan Shaw.
0:08 of 2nd period - Shot Blocked by Corban Knight.
0:22 of 2nd period - Minor Penalty to Sven Baertschi for Hooking.
0:23 of 2nd period - Corban Knight wins face-off versus Anton Lander in Mulligans zone.
0:36 of 2nd period - Snap shot by Logan Shaw.
0:36 of 2nd period - Shot Blocked by Kevin Connauton.
1:03 of 2nd period - Slapshot by Corban Knight.
1:03 of 2nd period - Stopped by Calvin Pickard with a rebound.
1:05 of 2nd period - Slapshot by Brandon Kozun.
1:05 of 2nd period - Goal by Brandon Kozun - Ice Dragons : 3 - Mulligans : 1.
1:06 of 2nd period - Sam Carrick wins face-off versus Anton Lander in neutral zone.
2:04 of 2nd period - Snap shot by Robby Fabbri.
2:04 of 2nd period - Shot Misses the Net.
2:06 of 2nd period - Slapshot by Robbie Russo.
2:06 of 2nd period - Shot Blocked by Kevin Connauton.
3:20 of 2nd period - Slapshot by Brandon Carlo.
3:20 of 2nd period - Stopped by Chet Pickard without a rebound.
3:21 of 2nd period - Corban Knight wins face-off versus Anton Lander in Ice Dragons zone.
4:10 of 2nd period - Minor Penalty to Logan Shaw for Hooking.
4:11 of 2nd period - Sam Carrick wins face-off versus Anton Lander in Mulligans zone.
5:40 of 2nd period - Icing by Jordan LaVallee.
5:41 of 2nd period - Jonny Brodzinski wins face-off versus Jordan LaVallee in Ice Dragons zone.
5:46 of 2nd period - Slapshot by Brett Seney.
5:46 of 2nd period - Stopped by Chet Pickard without a rebound.
5:47 of 2nd period - Sam Carrick wins face-off versus Anton Lander in Ice Dragons zone.
6:10 of 2nd period - Penalty to Logan Shaw is over, Logan Shaw is back on ice.
6:15 of 2nd period - Maxime Macenauer is hit by Justin Shugg and loses puck.
6:26 of 2nd period - Wrist shot by Logan MacMillan.
6:26 of 2nd period - Shot Misses the Net.
6:28 of 2nd period - Slapshot by Theodor Blueger.
6:28 of 2nd period - Shot Misses the Net.
6:30 of 2nd period - Slapshot by Logan MacMillan.
6:30 of 2nd period - Shot Blocked by Darren Dietz.
6:32 of 2nd period - Slapshot by Logan MacMillan.
6:32 of 2nd period - Stopped by Calvin Pickard with a rebound.
6:34 of 2nd period - Wrist shot by Juho Lammikko.
6:34 of 2nd period - Stopped by Calvin Pickard with a rebound.
7:16 of 2nd period - Slapshot by Robby Fabbri.
7:16 of 2nd period - Shot Hit the Post.
7:18 of 2nd period - Snap shot by Reid Boucher.
7:18 of 2nd period - Stopped by Chet Pickard without a rebound.
7:19 of 2nd period - Sam Carrick wins face-off versus Jonny Brodzinski in Ice Dragons zone.
7:26 of 2nd period - Snap shot by Kevin Connauton.
7:26 of 2nd period - Shot Blocked by Brandon Carlo.
7:28 of 2nd period - Wrist shot by Sam Carrick.
7:28 of 2nd period - Shot Blocked by Brett Seney.
7:30 of 2nd period - Snap shot by Samuel Groulx.
7:30 of 2nd period - Stopped by Calvin Pickard without a rebound.
7:30 of 2nd period - Double Minor Penalty to Calvin Pickard for Slashing.
7:31 of 2nd period - Corban Knight wins face-off versus Anton Lander in Mulligans zone.
7:36 of 2nd period - Wrist shot by Jordan LaVallee.
7:36 of 2nd period - Shot Blocked by Brandon Carlo.
9:43 of 2nd period - Kevin Connauton is hit by Darren Dietz and loses puck.
10:12 of 2nd period - Snap shot by Jonny Brodzinski.
10:12 of 2nd period - Stopped by Chet Pickard without a rebound.
10:13 of 2nd period - Jonny Brodzinski wins face-off versus Sam Carrick in Ice Dragons zone.
10:32 of 2nd period - Robbie Russo is hit by Brandon Kozun and loses puck.
10:43 of 2nd period - Kevin Connauton is hit by Maxime Macenauer.
11:30 of 2nd period - Penalty to Conor Garland is over, Conor Garland is back on ice.
12:01 of 2nd period - Slapshot by Zach Trotman.
12:01 of 2nd period - Shot Blocked by Darren Dietz.
12:03 of 2nd period - Wrist shot by Alex Plante.
12:03 of 2nd period - Deflect By Juho Lammikko.
12:03 of 2nd period - Shot Misses the Net.
12:03 of 2nd period - Puck is out of play.
12:04 of 2nd period - Emil Pettersson wins face-off versus Jonny Brodzinski in Mulligans zone.
12:21 of 2nd period - Wrist shot by Brett Seney.
12:21 of 2nd period - Shot Misses the Net.
12:50 of 2nd period - Snap shot by Brett Seney.
12:50 of 2nd period - Shot Misses the Net.
13:04 of 2nd period - Snap shot by Phil Di Giuseppe.
13:04 of 2nd period - Stopped by Calvin Pickard without a rebound.
13:05 of 2nd period - Anton Lander wins face-off versus Corban Knight in Mulligans zone.
13:30 of 2nd period - Slapshot by Theodor Blueger.
13:30 of 2nd period - Stopped by Calvin Pickard with a rebound.
14:00 of 2nd period - Slapshot by Anton Lander.
14:00 of 2nd period - Stopped by Chet Pickard without a rebound.
14:01 of 2nd period - Corban Knight wins face-off versus Maxime Macenauer in Ice Dragons zone.
14:10 of 2nd period - Snap shot by Jordan LaVallee.
14:10 of 2nd period - Shot Blocked by Ilya Lyubushkin.
14:12 of 2nd period - Slapshot by Kevin Connauton.
14:12 of 2nd period - Stopped by Calvin Pickard with a rebound.
14:16 of 2nd period - Snap shot by Brandon Kozun.
14:16 of 2nd period - Shot Blocked by Joonas Donskoi.
14:37 of 2nd period - Slapshot by Robby Fabbri.
14:37 of 2nd period - Shot Misses the Net.
14:39 of 2nd period - Backhand shot by Darren Dietz.
14:39 of 2nd period - Shot Blocked by Zach Trotman.
14:57 of 2nd period - Wrist shot by Brett Seney.
14:57 of 2nd period - Shot Misses the Net.
14:59 of 2nd period - Slapshot by Robbie Russo.
14:59 of 2nd period - Deflect By Jonny Brodzinski.
14:59 of 2nd period - Shot Misses the Net.
14:59 of 2nd period - Puck is out of play.
15:00 of 2nd period - Corban Knight wins face-off versus Maxime Macenauer in Ice Dragons zone.
15:25 of 2nd period - Samuel Groulx is hit by Brandon Carlo and loses puck.
15:36 of 2nd period - Wrist shot by Corban Knight.
15:36 of 2nd period - Stopped by Calvin Pickard without a rebound.
15:37 of 2nd period - Anton Lander wins face-off versus Sam Carrick in Mulligans zone.
16:08 of 2nd period - Off-side.
16:09 of 2nd period - Corban Knight wins face-off versus Maxime Macenauer in neutral zone.
16:12 of 2nd period - Ben Hutton is hit by Corban Knight and loses puck.
17:03 of 2nd period - Slapshot by Darren Dietz.
17:03 of 2nd period - Stopped by Chet Pickard without a rebound.
17:04 of 2nd period - Anton Lander wins face-off versus Corban Knight in Ice Dragons zone.
17:17 of 2nd period - Wrist shot by Sven Baertschi.
17:17 of 2nd period - Stopped by Chet Pickard with a rebound.
17:19 of 2nd period - Slapshot by Ilya Lyubushkin.
17:19 of 2nd period - Stopped by Chet Pickard without a rebound.
17:20 of 2nd period - Maxime Macenauer wins face-off versus Emil Pettersson in Ice Dragons zone.
17:58 of 2nd period - Backhand shot by Jordan LaVallee.
17:58 of 2nd period - Stopped by Calvin Pickard without a rebound.
17:59 of 2nd period - Anton Lander wins face-off versus Corban Knight in Mulligans zone.
17:59 of 2nd period - Anton Lander is hit by Jordan LaVallee.
18:07 of 2nd period - Backhand shot by Anton Lander.
18:07 of 2nd period - Shot Blocked by Samuel Groulx.
18:09 of 2nd period - Snap shot by Logan Shaw.
18:09 of 2nd period - Goal by Logan Shaw - Ice Dragons : 3 - Mulligans : 2.
18:10 of 2nd period - Corban Knight wins face-off versus Sven Baertschi in neutral zone.
18:13 of 2nd period - Sven Baertschi is hit by Corban Knight and loses puck.
18:26 of 2nd period - Kevin Connauton is hit by Ben Hutton.
18:41 of 2nd period - Wrist shot by Billy Sweat.
18:41 of 2nd period - Stopped by Calvin Pickard with a rebound.
18:43 of 2nd period - Slapshot by Billy Sweat.
18:43 of 2nd period - Shot Blocked by Darren Dietz.
18:45 of 2nd period - Slapshot by Justin Shugg.
18:45 of 2nd period - Goal by Justin Shugg - Ice Dragons : 4 - Mulligans : 2.
18:46 of 2nd period - Corban Knight wins face-off versus Anton Lander in neutral zone.
18:57 of 2nd period - Wrist shot by Corban Knight.
18:57 of 2nd period - Goal by Corban Knight - Ice Dragons : 5 - Mulligans : 2.
18:58 of 2nd period - Anton Lander wins face-off versus Corban Knight in neutral zone.
19:27 of 2nd period - Off-side.
19:28 of 2nd period - Sam Carrick wins face-off versus Maxime Macenauer in neutral zone.
19:53 of 2nd period - Maxime Macenauer is hit by Emil Pettersson and loses puck.
Goals for this period are 3 for Ice Dragons vs 1 for Mulligans.
Shots for this period are 13 for Ice Dragons vs 9 for Mulligans.
3rd period
0:01 of 3rd period - Corban Knight wins face-off versus Sven Baertschi in neutral zone.
0:04 of 3rd period - Snap shot by Jordan LaVallee.
0:04 of 3rd period - Shot Blocked by Logan Shaw.
0:12 of 3rd period - Snap shot by Logan Shaw.
0:12 of 3rd period - Deflect By Sven Baertschi.
0:12 of 3rd period - Stopped by Chet Pickard with a rebound.
0:14 of 3rd period - Snap shot by Logan Shaw.
0:14 of 3rd period - Stopped by Chet Pickard without a rebound.
0:14 of 3rd period - Minor Penalty to Chet Pickard for Slashing.
0:15 of 3rd period - Anton Lander wins face-off versus Corban Knight in Ice Dragons zone.
2:14 of 3rd period - Penalty to Samuel Groulx is over, Samuel Groulx is back on ice.
2:21 of 3rd period - Minor Penalty to Reid Boucher for Hooking.
2:22 of 3rd period - Anton Lander wins face-off versus Sam Carrick in Mulligans zone.
2:30 of 3rd period - Slapshot by Kevin Connauton.
2:30 of 3rd period - Deflect By Sam Carrick.
2:30 of 3rd period - Shot Blocked by Anton Lander.
2:30 of 3rd period - Puck is out of play.
2:31 of 3rd period - Logan Shaw wins face-off versus Sam Carrick in Mulligans zone.
2:31 of 3rd period - Logan Shaw is hit by Kevin Connauton.
2:39 of 3rd period - Slapshot by Jerome Gauthier-Leduc.
2:39 of 3rd period - Shot Misses the Net.
2:41 of 3rd period - Backhand shot by Jerome Gauthier-Leduc.
2:41 of 3rd period - Stopped by Calvin Pickard with a rebound.
2:51 of 3rd period - Slapshot by Billy Sweat.
2:51 of 3rd period - Deflect By Justin Shugg.
2:51 of 3rd period - Goal by Justin Shugg - Ice Dragons : 6 - Mulligans : 2.
2:51 of 3rd period - Juuse Saros enters game.
2:52 of 3rd period - Anton Lander wins face-off versus Corban Knight in neutral zone.
3:05 of 3rd period - Wrist shot by Logan Shaw.
3:05 of 3rd period - Stopped by Chet Pickard without a rebound.
3:06 of 3rd period - Maxime Macenauer wins face-off versus Sam Carrick in Ice Dragons zone.
3:07 of 3rd period - Snap shot by Sam Bennett.
3:07 of 3rd period - Stopped by Chet Pickard without a rebound.
3:08 of 3rd period - Sam Carrick wins face-off versus Maxime Macenauer in Ice Dragons zone.
4:00 of 3rd period - Brandon Carlo is hit by Emil Pettersson and loses puck.
4:05 of 3rd period - Snap shot by Phil Di Giuseppe.
4:05 of 3rd period - Shot Misses the Net.
4:07 of 3rd period - Wrist shot by Phil Di Giuseppe.
4:07 of 3rd period - Shot Blocked by Robby Fabbri.
4:19 of 3rd period - Snap shot by Jonny Brodzinski.
4:19 of 3rd period - Shot Blocked by Jerome Gauthier-Leduc.
4:21 of 3rd period - Wrist shot by Jonny Brodzinski.
4:21 of 3rd period - Deflect By Brett Seney.
4:21 of 3rd period - Stopped by Chet Pickard without a rebound.
4:22 of 3rd period - Corban Knight wins face-off versus Jonny Brodzinski in Ice Dragons zone.
4:33 of 3rd period - Slapshot by Zach Trotman.
4:33 of 3rd period - Shot Blocked by Darren Dietz.
4:45 of 3rd period - Snap shot by Conor Garland.
4:45 of 3rd period - Stopped by Chet Pickard without a rebound.
4:46 of 3rd period - Anton Lander wins face-off versus Sam Carrick in Ice Dragons zone.
4:49 of 3rd period - Slapshot by Logan Shaw.
4:49 of 3rd period - Shot Misses the Net.
5:11 of 3rd period - Chris Wagner is hit by Joonas Donskoi and loses puck.
5:38 of 3rd period - Slapshot by Darren Dietz.
5:38 of 3rd period - Shot Misses the Net.
5:40 of 3rd period - Snap shot by Ilya Lyubushkin.
5:40 of 3rd period - Shot Blocked by Brandon Kozun.
5:42 of 3rd period - Snap shot by Ilya Lyubushkin.
5:42 of 3rd period - Shot Blocked by Corban Knight.
8:20 of 3rd period - Wrist shot by Jordan LaVallee.
8:20 of 3rd period - Shot Misses the Net.
8:23 of 3rd period - Icing by Anton Lander.
8:24 of 3rd period - Sam Carrick wins face-off versus Anton Lander in Mulligans zone.
8:25 of 3rd period - Backhand shot by Billy Sweat.
8:25 of 3rd period - Deflect By Sam Carrick.
8:25 of 3rd period - Goal by Sam Carrick - Ice Dragons : 7 - Mulligans : 2.
8:26 of 3rd period - Sam Carrick wins face-off versus Maxime Macenauer in neutral zone.
8:41 of 3rd period - Wrist shot by Joonas Donskoi.
8:41 of 3rd period - Shot Misses the Net.
8:51 of 3rd period - Robby Fabbri is hit by Jerome Gauthier-Leduc and loses puck.
9:12 of 3rd period - Snap shot by Juho Lammikko.
9:12 of 3rd period - Stopped by Juuse Saros with a rebound.
9:14 of 3rd period - Snap shot by Logan MacMillan.
9:14 of 3rd period - Stopped by Juuse Saros without a rebound.
9:15 of 3rd period - Theodor Blueger wins face-off versus Anton Lander in Mulligans zone.
9:25 of 3rd period - Anton Lander beats up Juho Lammikko.
9:25 of 3rd period - Penalty to Anton Lander for Fighting.
9:25 of 3rd period - Penalty to Juho Lammikko for Fighting.
9:26 of 3rd period - Sam Carrick wins face-off versus Robby Fabbri in Mulligans zone.
9:31 of 3rd period - Slapshot by Billy Sweat.
9:31 of 3rd period - Stopped by Juuse Saros without a rebound.
9:32 of 3rd period - Sam Carrick wins face-off versus Robby Fabbri in Mulligans zone.
10:15 of 3rd period - Minor Penalty to Samuel Groulx for Hooking.
10:16 of 3rd period - Robby Fabbri wins face-off versus Corban Knight in Ice Dragons zone.
10:31 of 3rd period - Slapshot by Logan Shaw.
10:31 of 3rd period - Shot Misses the Net.
11:15 of 3rd period - Jerome Gauthier-Leduc is hit by Valeri Nichushkin and loses puck.
12:06 of 3rd period - Ben Hutton is hit by Robin Norell and loses puck.
12:15 of 3rd period - Penalty to Samuel Groulx is over, Samuel Groulx is back on ice.
12:29 of 3rd period - Brett Seney is hit by Chris Wagner and loses puck.
12:34 of 3rd period - Slapshot by Logan MacMillan.
12:34 of 3rd period - Goal by Logan MacMillan - Ice Dragons : 8 - Mulligans : 2.
12:35 of 3rd period - Maxime Macenauer wins face-off versus Sam Carrick in neutral zone.
13:27 of 3rd period - Sven Baertschi is hit by Chris Wagner and loses puck.
13:32 of 3rd period - Snap shot by Chris Wagner.
13:32 of 3rd period - Shot Blocked by Christian Wolanin.
14:02 of 3rd period - Snap shot by Robby Fabbri.
14:02 of 3rd period - Deflect By Valeri Nichushkin.
14:02 of 3rd period - Stopped by Chet Pickard without a rebound.
14:03 of 3rd period - Robby Fabbri wins face-off versus Sam Carrick in Ice Dragons zone.
14:04 of 3rd period - Slapshot by Reid Boucher.
14:04 of 3rd period - Goal by Reid Boucher - Ice Dragons : 8 - Mulligans : 3.
14:05 of 3rd period - Sven Baertschi wins face-off versus Corban Knight in neutral zone.
14:14 of 3rd period - Snap shot by Corban Knight.
14:14 of 3rd period - Shot Misses the Net.
14:16 of 3rd period - Wrist shot by Corban Knight.
14:16 of 3rd period - Deflect By Jordan LaVallee.
14:16 of 3rd period - Stopped by Juuse Saros without a rebound.
14:17 of 3rd period - Sam Carrick wins face-off versus Robby Fabbri in Mulligans zone.
14:20 of 3rd period - Snap shot by Sam Carrick.
14:20 of 3rd period - Stopped by Juuse Saros with a rebound.
14:22 of 3rd period - Wrist shot by Jerome Gauthier-Leduc.
14:22 of 3rd period - Deflect By Billy Sweat.
14:22 of 3rd period - Stopped by Juuse Saros with a rebound.
14:24 of 3rd period - Snap shot by Jerome Gauthier-Leduc.
14:24 of 3rd period - Deflect By Sven Baertschi.
14:24 of 3rd period - Stopped by Juuse Saros without a rebound.
14:25 of 3rd period - Robby Fabbri wins face-off versus Sam Carrick in Mulligans zone.
14:25 of 3rd period - Robby Fabbri is hit by Billy Sweat.
14:36 of 3rd period - Icing by Jerome Gauthier-Leduc.
14:37 of 3rd period - Sam Carrick wins face-off versus Sven Baertschi in Ice Dragons zone.
14:42 of 3rd period - Ben Hutton is hit by Sam Carrick and loses puck.
15:18 of 3rd period - Snap shot by Sam Carrick.
15:18 of 3rd period - Stopped by Juuse Saros with a rebound.
15:20 of 3rd period - Slapshot by Jerome Gauthier-Leduc.
15:20 of 3rd period - Stopped by Juuse Saros without a rebound.
15:21 of 3rd period - Maxime Macenauer wins face-off versus Corban Knight in Mulligans zone.
15:23 of 3rd period - Minor Penalty to Ilya Lyubushkin for Interference.
15:24 of 3rd period - Anton Lander wins face-off versus Corban Knight in Mulligans zone.
15:38 of 3rd period - Slapshot by Logan Shaw.
15:38 of 3rd period - Shot Misses the Net.
16:01 of 3rd period - Minor Penalty to Justin Shugg for Holding.
16:02 of 3rd period - Anton Lander wins face-off versus Corban Knight in Ice Dragons zone.
16:14 of 3rd period - Wrist shot by Anton Lander.
16:14 of 3rd period - Shot Misses the Net.
17:20 of 3rd period - Wrist shot by Chris Wagner.
17:20 of 3rd period - Shot Blocked by Brandon Carlo.
17:22 of 3rd period - Slapshot by Samuel Groulx.
17:22 of 3rd period - Stopped by Juuse Saros with a rebound.
17:23 of 3rd period - Penalty to Ilya Lyubushkin is over, Ilya Lyubushkin is back on ice.
17:24 of 3rd period - Backhand shot by Chris Wagner.
17:24 of 3rd period - Stopped by Juuse Saros without a rebound.
17:25 of 3rd period - Chris Wagner wins face-off versus Maxime Macenauer in Mulligans zone.
17:34 of 3rd period - Slapshot by Ben Hutton.
17:34 of 3rd period - Deflect By Joonas Donskoi.
17:34 of 3rd period - Stopped by Chet Pickard with a rebound.
17:36 of 3rd period - Snap shot by Joonas Donskoi.
17:36 of 3rd period - Shot Misses the Net.
17:46 of 3rd period - Minor Penalty to Chris Wagner for Hooking.
17:47 of 3rd period - Corban Knight wins face-off versus Anton Lander in Ice Dragons zone.
18:01 of 3rd period - Penalty to Justin Shugg is over, Justin Shugg is back on ice.
18:02 of 3rd period - Slapshot by Ben Hutton.
18:02 of 3rd period - Deflect By Sven Baertschi.
18:02 of 3rd period - Stopped by Chet Pickard without a rebound.
18:03 of 3rd period - Anton Lander wins face-off versus Corban Knight in Ice Dragons zone.
18:19 of 3rd period - Minor Penalty to Sven Baertschi for High sticking.
18:20 of 3rd period - Jordan LaVallee wins face-off versus Anton Lander in Mulligans zone.
18:34 of 3rd period - Wrist shot by Jordan LaVallee.
18:34 of 3rd period - Shot Blocked by Ben Hutton.
19:02 of 3rd period - Wrist shot by Darren Dietz.
19:02 of 3rd period - Shot Blocked by Kevin Connauton.
19:39 of 3rd period - Slapshot by Ben Hutton.
19:39 of 3rd period - Stopped by Chet Pickard without a rebound.
19:40 of 3rd period - Valeri Nichushkin wins face-off versus Billy Sweat in Ice Dragons zone.
19:41 of 3rd period - Slapshot by Reid Boucher.
19:41 of 3rd period - Stopped by Chet Pickard without a rebound.
19:42 of 3rd period - Valeri Nichushkin wins face-off versus Billy Sweat in Ice Dragons zone.
19:46 of 3rd period - Penalty to Chris Wagner is over, Chris Wagner is back on ice.
19:53 of 3rd period - Slapshot by Ben Hutton.
19:53 of 3rd period - Shot Blocked by Samuel Groulx.
Goals for this period are 3 for Ice Dragons vs 1 for Mulligans.
Shots for this period are 15 for Ice Dragons vs 12 for Mulligans.